 Dungeon Crawl Stone Soup version 0.31-a0-986-g5e6e4ef867 (webtiles) character file.

Game seed: 833014891615142928

36576 GreenGuy14 the Severer (level 13, -1/119 HPs)
             Began as a Hill Orc Fighter on Nov 21, 2023.
             Was the Champion of Beogh.
             Slain by a shadow dragon skeleton (6 damage)
             ... led by a necromancer
             ... on level 1 of the Depths.
             The game lasted 00:42:18 (16687 turns).

GreenGuy14 the Severer (Hill Orc Fighter)          Turns: 16687, Time: 00:42:18

Health: -1/119     AC: 24    Str: 24    XL:     13   Next: 91%
Magic:  0/31       EV:  8    Int:  8    God:    Beogh [******]
Gold:   1126       SH:  5    Dex: 10    Spells: 12/12 levels left

rFire   . . .        a - +1 war axe (drain)
rCold   . . .        c - +0 buckler
rNeg    . . .        t - +4 plate armour
rPois   .            (no helmet)
rElec   .            A - +1 cloak
rCorr   .            (no gloves)
SInv    .            k - +0 pair of boots
Will    .....        M - amulet of guardian spirit Stlth
                     i - +4 ring of slaying
HPRegen 0.39/turn    L - ring of magical power
MPRegen 0.22/turn

%: guardian spirit
@: no status effects
A: walk on water
a: Renounce Religion, Smiting, Recall Orcish Followers, Give Item to Named
Follower, Resurrection


You were on level 1 of the Depths.
You worshipped Beogh.
Beogh was exalted by your worship.
You visited 3 branches of the dungeon, and saw 16 of its levels.
You also visited: Sewer and Ossuary.

You collected 1126 gold pieces.

Inventory:

Hand Weapons
 a - a +1 war axe of draining (weapon)
Missiles
 l - 2 throwing nets
Armour
 c - a +0 buckler (worn)
 k - a +0 pair of boots (worn)
 t - a +4 plate armour (worn)
 A - a +1 cloak (worn)
Jewellery
 f - an amulet of magic regeneration
 i - a +4 ring of slaying (left hand)
 B - a ring of flight
 L - a ring of magical power (right hand)
 M - an amulet of guardian spirit (around neck)
Wands
 p - a wand of roots (22)
 u - a wand of polymorph (4)
 y - a wand of mindburst (13)
 F - a wand of flame (14)
 G - a wand of paralysis (12)
 N - a wand of digging (8)
Scrolls
 h - 3 scrolls of fear
 n - a scroll of silence
 o - 3 scrolls of teleportation
 r - 2 scrolls of noise
 s - 3 scrolls of poison
 w - a scroll of brand weapon
 x - a scroll of fog
 z - a scroll of immolation
 D - 2 scrolls of vulnerability
 J - 2 scrolls of revelation
 K - 2 scrolls of identify
 Q - a scroll of torment
Potions
 b - 2 potions of ambrosia
 d - 6 potions of might
 e - 2 potions of magic
 g - 6 potions of curing
 j - a potion of enlightenment
 m - 4 potions of cancellation
 q - 9 potions of degeneration
 v - 3 potions of attraction
 C - 2 potions of mutation
 H - a potion of invisibility
 I - 2 potions of lignification
 O - a potion of brilliance
Miscellaneous
 E - a tin of tremorstones (2/2)


   Skills:
 + Level 12.3 Fighting
 + Level 17.2 Axes
 + Level 12.9 Armour
 + Level 2.0 Dodging
 + Level 1.1 Stealth
 + Level 7.8 Shields
 * Level 13.0 Invocations
 + Level 1.7 Evocations


You had 12 spell levels left.
You didn't know any spells.
Your spell library contained the following spells:

 Spells                   Type           Power      Damage    Failure   Level
 Apportation              Tloc           0%         N/A       99%         1
 Necrotise                Necr           0%         1d4       99%         1
 Summon Small Mammal      Summ           0%         N/A       99%         1
 Blink                    Tloc           0%         N/A       100%        2
 Cigotuvi's Dreadful Rot  Necr/Pois/Air  0%         N/A       100%        2
 Lesser Beckoning         Tloc           0%         N/A       100%        2
 Momentum Strike          Conj/Tloc      0%         3d8       100%        2
 Poisonous Vapours        Pois/Air       0%         N/A       100%        2
 Mephitic Cloud           Conj/Pois/Air  0%         N/A       100%        3
 Animate Dead             Necr           0%         N/A       100%        4
 Dispel Undead            Necr           0%         3d6       100%        4
 Borgnjor's Vile Clutch   Necr/Erth      0%         N/A       100%        5
 Freezing Cloud           Conj/Ice/Air   0%         6-21      100%        5
 Death Channel            Necr           0%         N/A       100%        6


Dungeon Overview and Level Annotations

Branches:
Dungeon (15/15)            Temple (0/1) D:6            Lair (1/5) D:11
    Orc (0/2) D:12         Depths (1/4) D:15          Sewer (visited)
Ossuary (visited)
 Vaults: D:13-14

Altars:
Dithmenos
Nemelex Xobeh
Qazlal
Ru
Yredelemnul
The Shining One

Shops:
D:5 (   D:12 *[(

Annotations:
D:4 2 transporters


Message History

Morun hits the fire dragon from afar with the +5 scythe "Finisher" {speed, execute}!
The fire dragon dies!
Beogh accepts your kill.
You can now revive fallen orcs.
Morun looks more experienced.
A freezing mist starts to gather...
You block the shadow dragon skeleton's attack.
The shadow dragon skeleton claws you but does no damage.
You block the shadow dragon skeleton's attack.
The stone giant skeleton is engulfed in freezing vapours.
The stone giant skeleton hits you.
The fire giant zombie barely misses you.
Your Invocations skill increases to level 13!
A fire dragon simulacrum comes into view.
You slice the ugly thing simulacrum!!
The ugly thing simulacrum is heavily damaged.
You hit the stone giant skeleton. You slash the fire giant zombie!
You hit the shadow dragon skeleton but do no damage.
Morun barely misses the ugly thing simulacrum.
The ugly thing simulacrum hits you. The ugly thing simulacrum freezes you!!
* * * LOW HITPOINT WARNING * * *
You slash the ugly thing simulacrum!
The ugly thing simulacrum is almost destroyed.
You hit the stone giant skeleton but do no damage.
You hit the fire giant zombie. You hit the shadow dragon skeleton.
Morun hits the ugly thing simulacrum with the +5 scythe "Finisher" {speed, execute}!
The ugly thing simulacrum vaporises!
The stone giant skeleton hits you!
* * * LOW HITPOINT WARNING * * *
The shadow dragon skeleton barely misses you.
The shadow dragon skeleton claws you but does no damage. x2
The fire giant zombie hits you but does no damage.
You feel better.
Morun hits the stone giant skeleton from afar with the +5 scythe "Finisher" {speed, execute}.
Morun hits the stone giant skeleton from afar with the +5 scythe "Finisher" {speed, execute}!
The stone giant skeleton is blown up!
Beogh accepts your kill. The shadow dragon skeleton bites you!
* * * LOW HITPOINT WARNING * * *
The shadow dragon skeleton claws you.
You die...

..... .P.P.
.._..########
.P.P........#
............#
#.........#
#.?.Z).Z..#
+...○@....+
#...oZZ...#
#..)......#
#.....?...#
#.........#
#.........#
#.[.......#
########+##


You could see a fire dragon simulacrum, an ugly thing simulacrum, a fire giant
zombie, a shadow dragon skeleton and the friendly Morun the orc warlord
(drained).

Vanquished Creatures
  Snorg (D:10)
  6 slime creatures
  A fire dragon (D:15)
  Fannar (D:10)
  3 two-headed ogres
  A death knight (D:13)
  A centaur warrior (D:13)
  A boulder beetle (D:12)
  Amaemon (D:8)
  A deep elf pyromancer (D:12)
  7 ugly things
  3 cyclopes
  A manticore (D:13)
  A black mamba (Lair:1)
  A cane toad (Lair:1)
  An orange demon (D:8)
  A gargoyle (D:12)
  2 unseen horrors
  A freezing wraith (D:15)
  Maggie (D:8)
  2 komodo dragons
  A hornet (shapeshifter) (D:8)
  4 trolls
  A blink frog (Lair:1)
  A dream sheep (D:10)
  A shadow (D:11)
  A vampire (D:11)
  3 wraiths
  12 yaks
  2 wyverns
  A basilisk (D:12)
  2 steam dragons
  4 vampire mosquitoes
  An acid dragon (D:10)
  A water moccasin (D:6)
  3 sky beasts
  3 black bears
  2 orc warriors (D:11)
  2 ogres (D:6)
  6 centaurs
  A phantom (D:6)
  2 elf zombies (Ossuary)
  2 kobold brigands
  8 bullfrogs
  A gnoll sergeant (D:12)
  7 wights
  4 killer bees (D:9)
  7 electric eels
  A howler monkey (D:12)
  A centaur zombie (Ossuary)
  2 orc priests
  2 human zombies (Ossuary)
  5 hounds
  8 iguanas
  5 orc wizards
  5 hell rats (Lair:1)
  2 mummies (Ossuary)
  Robin (D:4)
  3 gnolls (D:9)
  6 river rats (Lair:1)
  8 adders
  A shadow imp (D:6)
  2 white imps (D:7)
  An adder zombie (Ossuary)
  3 worms
  15 orcs
  4 endoplasms
  9 giant cockroaches
  11 goblins
  14 hobgoblins
  2 jackals (D:4)
  7 quokkas
  9 ball pythons
  7 bats
  10 frilled lizards
  9 hobgoblin zombies (Ossuary)
  2 jackal zombies (Ossuary)
  6 kobolds
  10 kobold zombies (Ossuary)
  8 orc zombies (Ossuary)
  4 rats
  2 rat zombies (Ossuary)
306 creatures vanquished.

Vanquished Creatures (collateral kills)
  A slime creature (D:15)
  A dire elephant (D:15)
  A fire dragon (Depths:1)
  A catoblepas (D:13)
  4 boulder beetles
  2 centaur warriors (D:15)
  2 two-headed ogres
  3 skeletal warriors
  A spark wasp zombie (Depths:1)
  A salamander mystic (D:15)
  2 deep elf pyromancers
  A necromancer (Depths:1)
  A manticore (D:15)
  A fire giant zombie (Depths:1)
  7 ugly things
  A stone giant skeleton (Depths:1)
  An elephant (D:11)
  A black mamba (Lair:1)
  An unseen horror (D:12)
  3 komodo dragons
  4 freezing wraiths
  A troll (D:12)
  A polar bear (Lair:1)
  2 blink frogs (Lair:1)
  2 dream sheep (D:10)
  A shadow (D:12)
  A spriggan (shapeshifter) (D:15)
  2 yaks
  A vampire mosquito (D:10)
  3 acid dragons
  2 orc warriors
  5 centaurs
  A bullfrog (D:11)
  A gnoll sergeant (D:9)
  A scorpion (D:11)
  A wight (D:8)
  A howler monkey (D:11)
  A gnoll bouda (D:10)
  4 orc priests
  2 orc wizards
  A gnoll (D:9)
  2 river rats (Lair:1)
  2 orcs
  2 rats (Lair:1)
80 creatures vanquished.

Vanquished Creatures (others)
  An orc knight (Depths:1)
  An orc sorcerer (D:13)
  An occultist (D:12)
  2 orc priests (D:8)
  5 orc wizards
  10 orcs
20 creatures vanquished.

Grand Total: 406 creatures vanquished

Notes
Turn   | Place    | Note
-------+----------+-------------------------------------------
     0 | D:1      | GreenGuy14 the Hill Orc Fighter began the quest for the
                  | Orb.
     0 | D:1      | Reached XP level 1. HP: 19/19 MP: 1/1
   171 | D:1      | Reached XP level 2. HP: 27/27 MP: 2/2
   390 | D:1      | Reached skill level 3 in Axes
   547 | D:1      | Found Natiyry's Antique Armour Emporium.
   929 | D:3      | Found a faded altar of an unknown god.
   986 | D:3      | Reached XP level 3. HP: 30/33 MP: 3/3
  1203 | D:3      | Became a worshipper of Beogh the Brigand
  1280 | D:3      | Reached skill level 4 in Axes
  1443 | D:3      | Reached XP level 4. HP: 22/40 MP: 4/4
  1535 | D:3      | Found a glowing golden altar of the Shining One.
  1631 | D:2      | Found a sparkling altar of Nemelex Xobeh.
  2006 | D:4      | Found a transporter.
  2008 | D:4      | Noticed a centaur
  2009 | D:4      | Found a transporter.
  2009 | D:4      | Noticed a centaur
  2009 | D:4      | Noticed a bullfrog
  2023 | D:4      | Found a shadowy altar of Dithmenos.
  2086 | D:4      | Noticed Robin
  2092 | D:4      | Reached skill level 1 in Invocations
  2104 | D:4      | Killed Robin
  2268 | D:4      | Reached * piety under Beogh
  2500 | D:5      | Entered Level 5 of the Dungeon
  2531 | D:5      | Reached XP level 5. HP: 45/46 MP: 4/6
  2580 | D:5      | Reached skill level 5 in Axes
  2896 | D:5      | Found Deac's Weapon Boutique.
  2913 | D:5      | Reached XP level 6. HP: 8/53 MP: 7/7
  3104 | D:5      | Noticed a black bear
  3110 | D:5      | Killed a black bear
  3243 | D:5      | Reached skill level 6 in Axes
  3247 | D:5      | Reached skill level 5 in Armour
  3247 | D:5      | Reached XP level 7. HP: 59/60 MP: 8/8
  3553 | D:6      | Found a staircase to the Ecumenical Temple.
  3789 | D:6      | Found a glowing drain.
  3793 | Sewer    | Entered a sewer
  3858 | Sewer    | Reached ** piety under Beogh
  4031 | Sewer    | Reached skill level 5 in Fighting
  4031 | Sewer    | Reached skill level 7 in Axes
  4057 | Sewer    | Reached XP level 8. HP: 31/68 MP: 9/11
  4438 | D:6      | Reached skill level 8 in Axes
  4438 | D:6      | Reached skill level 5 in Shields
  4562 | D:6      | Reached skill level 5 in Invocations
  4838 | D:7      | Reached skill level 9 in Axes
  4863 | D:7      | Reached skill level 1 in Dodging
  4865 | D:7      | Reached XP level 9. HP: 36/70 MP: 11/13
  5033 | D:7      | Found a sand-covered staircase.
  5051 | Ossuary  | Entered an ossuary
  5223 | Ossuary  | Reached *** piety under Beogh
  5288 | Ossuary  | Reached skill level 10 in Axes
  5714 | D:7      | Found a basalt altar of Yredelemnul.
  6141 | D:8      | Noticed a two-headed ogre
  6147 | D:8      | Killed a two-headed ogre
  6148 | D:8      | Reached skill level 11 in Axes
  6255 | D:8      | Reached **** piety under Beogh
  6709 | D:8      | Noticed Maggie
  6716 | D:8      | Killed Maggie
  6717 | D:8      | Reached skill level 12 in Axes
  6717 | D:8      | Reached XP level 10. HP: 75/84 MP: 15/15
  6759 | D:8      | Noticed Amaemon
  6759 | D:8      | Noticed an orange demon
  7465 | D:8      | Noticed a black mamba
  7468 | D:8      | a black mamba changed into a golden eye
  8182 | D:8      | Killed Amaemon
  8191 | D:8      | Killed an orange demon
  8542 | D:9      | Noticed a two-headed ogre
  8552 | D:9      | Killed a two-headed ogre
  8553 | D:9      | Reached skill level 13 in Axes
  8553 | D:9      | Reached skill level 1 in Evocations
  8729 | D:9      | Killed an unseen horror
  8733 | D:9      | Noticed a two-headed ogre
  8741 | D:9      | Reached XP level 11. HP: 56/94 MP: 17/17
  8747 | D:9      | Killed a two-headed ogre
  9381 | D:10     | Entered Level 10 of the Dungeon
  9567 | D:10     | Found a sacrificial altar of Ru.
  9616 | D:10     | Noticed Fannar
  9632 | D:10     | Killed Fannar
  9829 | D:10     | Reached skill level 14 in Axes
  9964 | D:10     | Gained Morun as an ally
 10176 | D:10     | Noticed Snorg
 10186 | D:10     | Killed Snorg
 10531 | D:10     | Found a stormy altar of Qazlal.
 10741 | D:11     | Found a staircase to the Lair.
 10753 | D:11     | Reached skill level 10 in Invocations
 10812 | Lair:1   | Entered Level 1 of the Lair of Beasts
 10871 | Lair:1   | Reached ***** piety under Beogh
 10871 | Lair:1   | Gained Worak as an ally
 10918 | Lair:1   | Reached skill level 10 in Armour
 10956 | Lair:1   | Reached XP level 12. HP: 53/105 MP: 19/19
 10965 | Lair:1   | Reached skill level 15 in Axes
 11472 | Lair:1   | Found a dark tunnel.
 11992 | D:11     | Reached skill level 10 in Fighting
 12191 | D:11     | Found the +5 scythe "Finisher" {speed, execute}
 12600 | D:11     | Noticed a two-headed ogre
 12606 | D:11     | Killed a two-headed ogre
 12887 | D:11     | Noticed a boulder beetle
 12896 | D:11     | Killed a boulder beetle
 13347 | D:12     | Found a staircase to the Orcish Mines.
 13347 | D:12     | Found Umerom's General Store.
 13500 | D:12     | Noticed a boulder beetle
 13508 | D:12     | Killed a boulder beetle
 13761 | D:12     | Noticed a boulder beetle
 13774 | D:12     | Killed a boulder beetle
 13775 | D:12     | Reached skill level 16 in Axes
 13789 | D:12     | Noticed a two-headed ogre
 13793 | D:12     | Killed a two-headed ogre
 14063 | D:12     | Reached XP level 13. HP: 116/116 MP: 21/21
 14148 | D:12     | Found Hinasch's Weapon Boutique.
 14256 | D:12     | Identified the +3 morningstar "Ebiwoe Zeil" {freeze, *Noise
                  | MP+9 Dex+2}
 14628 | D:12     | Found Finkay's Armour Boutique.
 14960 | D:13     | Identified the +8 rapier "Nax Acio" {venom, rElec}
 14964 | D:13     | Your ally Worak died
 15335 | D:13     | You are sucked into a shaft and drop 2 floors!
 15335 | D:15     | Entered Level 15 of the Dungeon
 15390 | D:15     | Identified the +2 leather armour "Gaschyus" {rN+ rCorr}
 15463 | D:15     | Found a staircase to the Depths.
 15463 | D:15     | Noticed a dire elephant
 15474 | D:15     | Reached skill level 17 in Axes
 15477 | D:15     | Killed a dire elephant
 15728 | D:15     | Noticed a fire dragon
 15736 | D:15     | Killed a fire dragon
 15753 | D:15     | Gained Brunolf as an ally
 16137 | D:15     | Reached skill level 1 in Stealth
 16666 | Shoals:1 | Identified the "Iwedeff"
 16666 | Desolati | Identified the of Kapycuix
 16666 | Desolati | Identified the "Piph"
 16666 | Depths:1 | Entered Level 1 of the Depths
 16666 | Depths:1 | Noticed a fire dragon
 16666 | Depths:1 | Found a basalt altar of Yredelemnul.
 16675 | Depths:1 | Your ally Brunolf died
 16684 | Depths:1 | Killed a fire dragon
 16684 | Depths:1 | Reached ****** piety under Beogh
 16687 | Depths:1 | HP: 5/119 [shadow dragon skeleton[a necromancer] (10)]
 16687 | Depths:1 | Slain by a shadow dragon skeleton

Illustrated notes

Levels and vault maps discovered:
D:1:      roadster_arrival_rocket_large, layout_basic, serial_shops,
          nicolae_square_shop
D:2:      layout_rooms, basic_altar, nicolae_the_louvre
D:3:      cheibrodos_pilgrimage, layout_rooms, marbit_many_paths,
          hellmonk_ecumenical_altar_leap_of_faith
D:4:      layout_cave_pools, gammafunk_temple_overflow_arena, uniq_robin
D:5:      layout_basic, serial_shops, shop, minivault_23
D:6:      layout_cave_pools, temple_pool_b,
          mainiacjoe_sewer_entry_somewhere_in_here_2
D:7:      layout_loops_ring, mainiacjoe_overflow_six_doors_small,
          enter_bailey_4, nicolae_ossuary_entry_ruins
D:8:      cheibrodos_two_vegetables, layout_basic, uniq_maggie, uniq_amaemon
D:9:      nicolae_cairo_tiling_large, layout_basic
D:10:     layout_irregular_city, lemuel_coloured_pillars_altar,
          nicolae_ru_great_annihilating_truth, hangedman_decor_clover_reticule,
          blue_anna_alchemist, minmay_misc_feat_rugged, kennysheep_donut,
          dreamdust_gnoll_shepherd, uniq_snorg, uniq_fannar
D:11:     layout_gridville, grunt_lair_entry_orc_guard_hut,
          hangedman_abyss_or_decor_passed, minmay_guarded_unrand_finisher
D:12:     minmay_imperfect_grid, layout_basic, serial_shops,
          nicolae_shop_window_shopping, nicolae_shop_stone,
          nicolae_shop_mannequins
D:13:     layout_rooms, hangedman_vaults_entry_quadrant_bands
D:15:     hangedman_depths_entry_try_elsewhere_first, layout_stronghold,
          grunt_decor_clamped
Lair:1:   layout_loops_ring, nicolae_volcano_entry_two_sided,
          kennysheep_abandoned_house
Depths:1: layout_roguey, hangedman_coc_ice_floe, yredelemnul_altar_generic,
          grunt_decor_fettered, fedhas_altar_2

Skill      XL: |  1  2  3  4  5  6  7  8  9 10 11 12 13 |
---------------+----------------------------------------+-----
Axes           | 3 4 5 6 7 9 12 13 14 16 17 | 17.2
Fighting       | 4 5 6 8 9 11 12 | 12.3
Invocations    | 1 2 4 5 7 8 10 11 13 | 13.0
Armour         | 4 5 6 7 8 10 11 12 | 12.9
Shields        | 4 5 6 7 |  7.8
Dodging        | 1 2 |  2.0
Evocations     | 1 |  1.7
Stealth        | 1 |  1.1

Action                     |  1- 3 |  4- 6 |  7- 9 | 10-12 | 13-15 || total
---------------------------+-------+-------+-------+-------+-------++-------
  Melee: War axe           |    82 |   110 |   302 |   450 |   152 ||  1096
 Invoke: Convert to Beogh  |     1 |       |       |       |       ||     1
         Smiting           |       |       |     1 |     2 |       ||     3
         Recall Orcish Fol |       |       |       |     6 |     6 ||    12
         Give Item to Name |       |       |       |     2 |       ||     2
  Evoke: Wand              |       |     1 |       |     8 |       ||     9
         Tin of tremorston |       |       |       |     1 |       ||     1
    Use: Potion            |       |     1 |     1 |     4 |     6 ||    12
         Scroll            |       |    11 |     2 |    13 |     7 ||    33
   Stab: Distracted        |       |       |       |     1 |     2 ||     3
 Armour: Scale mail        |    60 |    38 |       |       |       ||    98
         Plate armour      |       |    59 |   320 |   485 |   220 ||  1084
  Dodge: Dodged            |    40 |    49 |   110 |   125 |    63 ||   387
  Block: Buckler           |    24 |    34 |    65 |    77 |    45 ||   245

Table legend: (Time is in decaauts)
 A = Elapsed time spent in this place.
 B = Non-inter-level travel time spent in this place.
 C = Inter-level travel time spent in this place.
 D = Time resting spent in this place.
 E = Time spent auto-exploring this place.
 F = Levels seen in this place.
 G = Mean time per level.
                   A        B        C        D        E       F      G
               +--------+--------+--------+--------+--------+-----+--------+
         Total |  16792 |  16243 |    549 |      0 |  11865 |  18 |  932.9 |
       Dungeon |  14531 |  14045 |    486 |      0 |  10539 |  14 | 1037.9 |
          Lair |   1098 |   1035 |     63 |      0 |    652 |   1 | 1098.0 |
        Depths |     16 |     16 |      0 |      0 |      0 |   1 |   16.0 |
         Sewer |    710 |    710 |      0 |      0 |    383 |   1 |  710.0 |
       Ossuary |    435 |    435 |      0 |      0 |    291 |   1 |  435.0 |
               +--------+--------+--------+--------+--------+-----+--------+

Top non-repeatable levels by time:
     D:8: 2191 daAuts
    D:11: 1599 daAuts
    D:12: 1504 daAuts
    D:15: 1313 daAuts
    D:10: 1214 daAuts
  Lair:1: 1098 daAuts
     D:5: 1059 daAuts
     D:9: 1041 daAuts
     D:1: 913 daAuts
     D:7: 877 daAuts
     D:3: 737 daAuts
     D:6: 724 daAuts
   Sewer: 710 daAuts
     D:4: 504 daAuts
    D:13: 458 daAuts
